 Dungeon Crawl Stone Soup version 0.29.1-15-g9cfb28693d (webtiles) character file.

Game seed: 7283173432625269799

37 protoss039 the Digger (level 3, 26/26 HPs)
             Began as a Demonspawn Earth Elementalist on Mar 13, 2023.
             Got out of the dungeon alive.
             The game lasted 00:01:21 (1414 turns).

protoss039 the Digger (DsEE)                        Turns: 1414, Time: 00:01:21

Health: 26/26      AC:  9    Str:  8    XL:     3   Next: 21%
Magic:  6/6        EV: 10    Int: 18    God:
Gold:   29         SH:  0    Dex: 13    Spells: 4/7 levels left

rFire   . . .      SeeInvis .   e - +0 dagger
rCold   . . .      Faith    .   (no shield)
rNeg    . . .      Spirit   .   k - +0 ring mail
rPois   .          Reflect  .   (no helmet)
rElec   .          Harm     .   (no cloak)
rCorr   .          Rampage  .   (no gloves)
Will    .....                   (no boots)
Stlth   +.........              (no amulet)
HPRegen 0.08/turn               f - +4 ring of protection
MPRegen 0.20/turn               (no ring)

@: no status effects
A: ignite blood 1, magic regeneration
a: no special abilities


You escaped.
You visited 1 branch of the dungeon, and saw 2 of its levels.

You collected 29 gold pieces.

Inventory:

Hand Weapons
 e - a +0 dagger (weapon)
Armour
 k - a +0 ring mail (worn)
Jewellery
 f - a +4 ring of protection (left hand)
Wands
 j - a wand of paralysis (12)
Scrolls
 g - a scroll of identify {unknown}
 h - a scroll of blinking {unknown}
 i - a scroll of torment {unknown}
Potions
 a - 2 potions of curing {unknown}
 b - a potion of magic
 c - a potion of might {unknown}
 d - a potion of cancellation {unknown}


   Skills:
 + Level 1.5 Fighting
 - Level 1.7 Dodging
 - Level 1.7 Stealth
 + Level 2.5 Spellcasting
 - Level 0.8 Transmutations
 + Level 3.1 Earth Magic


You had 4 spell levels left.
You knew the following spells:

 Your Spells              Type           Power      Damage    Failure   Level
a - Sandblast             Erth           26%        2d8       14%         1
b - Passwall              Tmut/Erth      7%         N/A       34%         2

Your spell library contained the following spells:

 Spells                   Type           Power      Damage    Failure   Level
 Scorch                   Fire           4%         2d5       63%         2
 Stone Arrow              Conj/Erth      14%        3d7       63%         3
 Gell's Gravitas          Tloc           2%         N/A       85%         3
 Teleport Other           Tloc           2%         N/A       85%         3
 Petrify                  Tmut/Erth      9%         N/A       93%         4
 Flame Wave               Conj/Fire      2%         2d4       99%         4
 Dispersal                Tloc           1%         N/A       100%        6
 Summon Cactus Giant      Summ           1%         N/A       100%        6


Dungeon Overview and Level Annotations

Branches:
Dungeon (2/15) Zot: 10575

Altars:


Innate Abilities, Weirdness & Mutations

Your demonic aura sometimes causes spilled blood to erupt in flames.
You regenerate magic rapidly.


Message History

You kill the dart slug!
Unknown command.
No target in view!
You open the large door.
An adder comes into view.
Found a falchion.
An adder is nearby!
There is a large open door here.
An adder is nearby!
An adder is nearby!
You barely miss the adder. The adder bites you but does no damage.
An adder is nearby!
You hit the adder.
The adder is moderately wounded.
The adder misses you.
An adder is nearby!
Casting: Sandblast (safe; 17% risk of failure)
Confirm with . or Enter, or press ? or * to list all spells.
Aiming: Sandblast (safe; 17% risk of failure)
Press: ? - help, Shift-Dir - straight line, f - adder
Aim: an adder (moderately wounded, 70% to hit)
The blast of sand hits the adder!
You kill the adder!
You have reached level 3!
Your experience leads to an increase in your attributes!
Increase (S)trength, (I)ntelligence, or (D)exterity?
You feel clever. x2; Your demonic ancestry asserts itself...
Your magic begins to regenerate rapidly.
There is a large open door here.
There is a stone staircase leading up here.
You climb upwards.
There is a stone staircase leading down here.
(D) Dungeon
Where to? (Enter - D:2 @ (x,y), ? - help)
Okay, then.
You open the door.
There is an open door here.
There is a staircase leading out of the dungeon here.
Are you sure you want to leave the Dungeon?
This will make you lose the game!
You have escaped!

..†.............#.###..#.#.......
........#########.# #....#.......
........# #.# #....#..#...#
.##.....# #.###.....#.#.###
.##.....#### #................
.#.........# #######........###
......####.# ##≈≈≈≈≈##'#.......#
##.....[.#.####........8###.....#
#..........##..@.........'.#####
##..#.#####.###........8###......
.......# #..###≈≈≈≈≈##+####..###
##.)#.######.).#######.[.....####
....#.#...####...................
##.##.....# ##############.#####
##.####...# #####.# ##.)......#
#.....# #######...## #.#####


There were no monsters in sight!

Vanquished Creatures
  An adder (D:2)
  2 dart slugs
  2 endoplasms (D:1)
  A giant cockroach (D:1)
  A goblin (D:1)
  A hobgoblin (D:1)
  2 jackals (D:2)
  2 quokkas
  2 ball pythons (D:1)
  A bat (D:1)
  4 frilled lizards (D:1)
  3 kobolds (D:1)
  3 rats (D:1)
25 creatures vanquished.

Notes
Turn   | Place    | Note
-------+----------+-------------------------------------------
     0 | D:1      | protoss039 the Demonspawn Earth Elementalist began the
                  | quest for the Orb.
     0 | D:1      | Reached XP level 1. HP: 13/13 MP: 3/3
   274 | D:1      | Gained mutation: Your demonic aura sometimes causes spilled
                  | blood to erupt in flames. [demonic ancestry]
   274 | D:1      | Reached XP level 2. HP: 20/20 MP: 5/5
   376 | D:1      | Reached skill level 1 in Fighting
   473 | D:1      | Found a faded altar of an unknown god.
   519 | D:1      | Reached skill level 3 in Earth Magic
   927 | D:1      | Learned a level 2 spell: Passwall
  1367 | D:2      | Gained mutation: You regenerate magic rapidly. [demonic
                  | ancestry]
  1367 | D:2      | Reached XP level 3. HP: 26/26 MP: 4/6
  1414 | D:$      | Got out of the dungeon alive.

Illustrated notes

Levels and vault maps discovered:
D:1:      wander_arrival_chamber, layout_basic, ebering_ecumenical_altar_mist,
          hex_tiny
D:2:      layout_loops_corners, kennysheep_generic_room_3

Skill      XL: |  1  2 |
---------------+-------+-----
Fighting       | 1 |  1.5
Earth Magic    | 3 |  3.1
Dodging        | |  1.7
Stealth        | |  1.7
Spellcasting   | |  2.5
Transmutations | |  0.8

Action                   || total
-------------------------++-------
Melee: Dagger            ||    35
       Unarmed           ||     1
 Cast: Sandblast         ||    23
 Stab: Sleeping          ||     4
Armor: Ring mail         ||    13
       Robe              ||     7
Dodge: Dodged            ||    25
